 Dungeon Crawl Stone Soup version 0.30.1-4-g462c640d31 (webtiles) character file.

Game seed: 9990791071593662009

12110 growler the Zephyrmancer (level 11, 0/64 HPs)
             Began as a Tengu Air Elementalist on Sept 13, 2023.
             Was an Elder of Hepliaklqana.
             Slain by a wraith (10 damage)
             ... on level 10 of the Dungeon.
             The game lasted 00:27:47 (11852 turns).

growler the Zephyrmancer (Tengu Air Elementalist)  Turns: 11852, Time: 00:27:50

Health: 0/64       AC: 11    Str:  8    XL:     11   Next: 88%
Magic:  19/22      EV: 14    Int: 20    God:    Hepliaklqana [****..]
Gold:   621        SH:  0    Dex: 15    Spells: 13/23 levels left

rFire   + . .        n - +5 dagger
rCold   . . .        (no shield)
rNeg    . . .        I - +2 robe {rF+}
rPois   +            (helmet restricted)
rElec   .            o - +1 cloak
rCorr   .            D - +0 pair of gloves
SInv    .            (boots unavailable)
Will    .....        (no amulet)
Stlth   ++           e - +4 ring of protection
HPRegen 0.30/turn    w - ring of poison resistance
MPRegen 0.18/turn

%: no passive effects
@: flying quickly and evasively, slowed, studying Maces & Flails, very slow
A: reduced essence, beak, talons 3, nimble flight
a: Renounce Religion, Recall Ancestor, Ancestor Identity, Transference, Idealise


You were on level 10 of the Dungeon.
You worshipped Hepliaklqana.
Hepliaklqana was greatly pleased with you.
You visited 2 branches of the dungeon, and saw 12 of its levels.

You collected 621 gold pieces.

Inventory:

Hand Weapons
 g - a +0 quick blade of distortion
 n - a +5 dagger (weapon)
 C - a +3 dagger of freezing
Missiles
 F - 4 throwing nets
Armour
 o - a +1 cloak (worn)
 D - a +0 pair of gloves (worn)
 I - a +2 robe of fire resistance (worn)
Jewellery
 e - a +4 ring of protection (left hand)
 w - a ring of poison resistance (right hand)
 H - an amulet of faith
Wands
 s - a wand of mindburst (31)
 B - a wand of quicksilver (8)
 E - a wand of roots (1)
Scrolls
 c - a scroll of identify
 h - 3 scrolls of immolation
 i - a scroll of poison
 k - 7 scrolls of teleportation
 m - a scroll of enchant weapon {unknown}
 p - a scroll of fear
 q - a scroll of vulnerability
 u - a scroll of silence
 y - 3 scrolls of fog
Potions
 b - a potion of magic
 d - 7 potions of heal wounds
 f - a potion of invisibility
 j - 4 potions of brilliance
 l - 6 potions of curing
 r - 4 potions of mutation
 t - 2 potions of cancellation
 v - 3 potions of flight
 x - a potion of might
 z - 2 potions of haste
 A - 4 potions of lignification
 G - a potion of berserk rage


   Skills:
 + Level 9.8 Fighting
 - Level 8.7 Short Blades
 - Level 2.1 Dodging
 - Level 2.0 Stealth
 + Level 6.7 Spellcasting
 - Level 6.0 Conjurations
 + Level 14.5 Air Magic


You had 13 spell levels left.
You knew the following spells:

 Your Spells              Type           Power      Damage    Failure   Level
a - Shock                 Conj/Air       100%       1d9       1%          1
b - Static Discharge      Conj/Air       94%        2-6/arc   1%          2
c - Swiftness             Air            60%        N/A       1%          3
d - Airstrike             Air            30%        2d(5-21)  1%          4

Your spell library contained the following spells:

 Spells                   Type           Power      Damage    Failure   Level
 Apportation              Tloc           12%        N/A       10%         1
 Necrotise                Necr           24%        1d5       10%         1
 Summon Small Mammal      Summ           24%        N/A       10%         1
 Lesser Beckoning         Tloc           12%        N/A       14%         2
 Call Canine Familiar     Summ           6%         N/A       28%         3
 Gell's Gravitas          Tloc           6%         N/A       28%         3
 Summon Guardian Golem    Hex/Summ       6%         N/A       28%         3
 Teleport Other           Tloc           6%         N/A       28%         3


Dungeon Overview and Level Annotations

Branches:
Dungeon (11/15)            Temple (1/1) D:5            Lair (0/5) D:9
    Orc: D:9-12

Altars:
Ashenzari
Elyvilon
Fedhas
Gozag
Hepliaklqana
Okawaru
Qazlal
Ru
Trog
Uskayaw
Wu Jian
Xom
Yredelemnul
The Shining One

Shops:
D:3 **[   D:5 (   D:6 :

Portals:
Trove: D:10 (give +2 fire dragon scales)

Annotations:
D:3 1 runed translucent door, IHitMyHead's ghost, amateur DsFi
D:7 1 runed translucent door
D:9 2 transporters, WaxSun's ghost, novice DjCj
D:10 2 runed translucent doors
D:11 Nergalle; Psyche


Innate Abilities, Weirdness & Mutations

Your life essence is reduced to manifest your ancestor. (-10% HP)
You have a beak for a mouth.
You have claws for feet.
Your magical nature lets you fly swiftly and evasively.


Message History

The wraith is heavily damaged.
The shadow is struck by an arc of lightning!
The shadow is severely damaged.
You are struck by an arc of lightning.
The lightning grounds out.
Reggie B. barely misses the troll.
The shadow barely misses you. The wraith hits you!
* * * LOW HITPOINT WARNING * * *
The wraith drains your vigour!
You feel yourself slow down. The troll bites you.
* * * LOW HITPOINT WARNING * * *
The troll claws you.
* * * LOW HITPOINT WARNING * * *
The troll claws you but does no damage. The howler monkey misses you.
Reggie B. hits the troll with a +0 dagger of draining!
As you read the scroll of fear, it crumbles to dust.
You assume a fearsome visage.
The troll looks frightened!
The howler monkey looks frightened!
The shadow is unaffected.
The wraith is unaffected.
Reggie B. hits the troll with a +0 dagger of draining.
The shadow hits you.
* * * LOW HITPOINT WARNING * * *
The wraith hits you but does no damage.
The troll wails, "Oh dear!
Oh dear!"
Reggie B. hits the troll with a +0 dagger of draining!
Reggie B. drains the troll.
Reggie B.'s attack snaps the troll out of its fear.
Reggie B. hits the troll with a +0 dagger of draining.
The troll dies!
The shadow slips into darkness.
The shadow flickers and vanishes!
Deactivating autopickup; reactivate with Ctrl-A.
The wraith hits you.
* * * LOW HITPOINT WARNING * * *
You feel much better.
Reggie B. hits the wraith with a +0 dagger of draining.
The shadow strikes at you from the darkness!
* * * LOW HITPOINT WARNING * * *
Reactivating autopickup.
The wraith hits you!
You die...

#.......##.......##
#....#####....#.## ####
###..#####....#..#####..#
#...............#.....#
####..........h..#<...#
#...#.##.........#.##
#...######.#...###.# ##.†>#
##.###.......###
####....###....R@W...#...#
.#........#...#..W.)###..##
............#.#†....<.....#
............#..>.........##
.........####....#.......##
.........###.....##.......#
..................####...##
...#.......#.........#####
...#..............#..#


You could see the friendly Reggie B. the hexer, a wraith, a shadow and a howler
monkey (fleeing, ally target).

Vanquished Creatures
  Harold (D:9)
  5 two-headed ogres
  An elephant (D:8)
  Joseph (D:7)
  A gargoyle (D:10)
  A kobold demonologist (D:9)
  Prince Ribbit (D:5)
  2 wyverns
  9 yaks
  2 basilisks
  2 vampire mosquitoes
  Menkaure (D:7)
  A steam dragon (D:9)
  A water moccasin (D:8)
  A sky beast (D:7)
  An ice beast (D:7)
  An orc warrior (D:4)
  3 black bears
  2 ogres
  2 centaurs (D:5)
  2 phantoms (D:6)
  A bullfrog (D:4)
  Blork the orc (D:5)
  A gnoll sergeant (D:7)
  2 scorpions
  9 wights
  2 killer bees
  6 electric eels (D:5)
  2 howler monkeys
  A jelly (D:6)
  4 hounds
  A gnoll bouda (D:8)
  An orc priest (D:4)
  A sleepcap (D:7)
  An iguana (D:5)
  12 orc wizards
  6 gnolls
  5 adders
  A shadow imp (D:6)
  A white imp (D:6)
  2 ufetubi (D:5)
  2 worms
  A dart slug (D:5)
  29 orcs
  7 bats
  8 endoplasms
  2 giant cockroaches
  12 goblins
  7 hobgoblins
  2 jackals (D:1)
  3 kobolds
  5 quokkas
  4 ball pythons
  A frilled lizard (D:1)
  5 rats
189 creatures vanquished.

Vanquished Creatures (collateral kills)
  A troll (D:10)
  A shadow (D:10)
  6 yaks
  A sky beast (D:8)
  A kobold brigand (D:9)
  5 wights
  3 orc wizards
  2 gnolls (D:8)
  An orc (D:7)
  3 kobolds (D:9)
24 creatures vanquished.

Vanquished Creatures (others)
  An orc wizard (D:8)
  5 hexers
  An ancestor (D:7)
  An orc (D:5)
8 creatures vanquished.

Grand Total: 221 creatures vanquished

Notes
Turn   | Place    | Note
-------+----------+-------------------------------------------
     0 | D:1      | growler the Tengu Air Elementalist began the quest for the
                  | Orb.
     0 | D:1      | Reached XP level 1. HP: 10/10 MP: 4/4
   254 | D:1      | Reached XP level 2. HP: 15/15 MP: 1/6
   307 | D:1      | Learned a level 2 spell: Static Discharge
  1029 | D:2      | Reached XP level 3. HP: 19/19 MP: 3/7
  1288 | D:2      | Learned a level 3 spell: Swiftness
  1959 | D:3      | Found Immuajut's General Store.
  2030 | D:3      | Found Sitaes's General Store.
  2086 | D:3      | Found Puxzetacw's Armour Boutique.
  2182 | D:3      | Reached XP level 4. HP: 24/24 MP: 0/9
  2281 | D:3      | Noticed a scorpion
  2288 | D:3      | Killed a scorpion
  2289 | D:3      | Reached skill level 5 in Air Magic
  2394 | D:3      | Noticed IHitMyHead's ghost (amateur DsFi)
  2409 | D:3      | Found a runed translucent door.
  2421 | D:3      | Gained mutation: Your magical nature lets you fly swiftly
                  | and evasively. [Tengu growth]
  2421 | D:3      | Reached XP level 5. HP: 28/28 MP: 7/10
  2426 | D:3      | Learned a level 4 spell: Airstrike
  2502 | D:3      | Noticed a phantom
  2584 | D:3      | Found an iron altar of Okawaru.
  2920 | D:4      | Noticed an orc warrior
  2933 | D:4      | Killed an orc warrior
  2934 | D:4      | Reached XP level 6. HP: 32/32 MP: 8/12
  3013 | D:4      | Noticed a black bear
  3019 | D:4      | Killed a black bear
  3020 | D:4      | Reached skill level 6 in Air Magic
  3204 | D:4      | Reached skill level 5 in Conjurations
  3569 | D:4      | Reached XP level 7. HP: 36/36 MP: 8/14
  3669 | D:4      | Noticed a wyvern
  3672 | D:4      | Killed a wyvern
  3673 | D:4      | Reached skill level 7 in Air Magic
  3934 | D:5      | Entered Level 5 of the Dungeon
  3960 | D:5      | Reached skill level 1 in Fighting
  4019 | D:5      | Noticed Prince Ribbit
  4036 | D:5      | Killed Prince Ribbit
  4037 | D:5      | Reached skill level 5 in Spellcasting
  4037 | D:5      | Reached skill level 8 in Air Magic
  4037 | D:5      | Reached XP level 8. HP: 24/44 MP: 1/16
  4334 | D:5      | Found a hide-covered altar of Uskayaw.
  4337 | D:5      | Noticed a +0 dagger
  4337 | D:5      | Noticed a +0 hand axe
  4500 | D:5      | Found Ule Ynih's Antique Weapon Boutique.
  4630 | D:5      | Found a staircase to the Ecumenical Temple.
  4650 | Temple   | Entered the Ecumenical Temple
  4752 | Temple   | Became a worshipper of Hepliaklqana the Forgotten
  5053 | D:5      | Reached skill level 9 in Air Magic
  5505 | D:5      | Found a bloodstained altar of Trog.
  5544 | D:5      | Noticed Blork the orc
  5548 | D:5      | Killed Blork the orc
  5549 | D:5      | Reached XP level 9. HP: 47/52 MP: 2/19
  5774 | D:6      | Reached skill level 1 in Short Blades
  5825 | D:6      | Found Pech's Book Emporium.
  6223 | D:6      | Reached * piety under Hepliaklqana
  6251 | D:6      | Reached skill level 10 in Air Magic
  6303 | D:6      | Reached skill level 5 in Fighting
  6482 | D:7      | Noticed Joseph
  6490 | D:7      | Killed Joseph
  6634 | D:7      | Found a runed translucent door.
  6943 | D:7      | Noticed Menkaure
  6945 | D:7      | Killed Menkaure
  7251 | D:7      | Reached ** piety under Hepliaklqana
  7252 | D:7      | Remembered your ancestor Reggie B. as a hexer
  7292 | D:7      | Reached skill level 11 in Air Magic
  7895 | D:8      | Reached XP level 10. HP: 31/54 MP: 2/20
  7902 | D:8      | Reached skill level 5 in Short Blades
  8267 | D:8      | Noticed a two-headed ogre
  8284 | D:8      | Killed a two-headed ogre
  8407 | D:8      | Found a stormy altar of Qazlal.
  8510 | D:8      | Found a blossoming altar of Fedhas.
  8685 | D:8      | Noticed a two-headed ogre
  8694 | D:8      | Killed a two-headed ogre
  8695 | D:8      | Reached skill level 12 in Air Magic
  8771 | D:8      | Found a sacrificial altar of Ru.
  8854 | D:9      | Noticed a two-headed ogre
  8867 | D:9      | Noticed Harold
  8894 | D:8      | Killed a two-headed ogre
  9190 | D:9      | Found a staircase to the Lair.
  9190 | D:9      | Noticed an elephant
  9223 | D:8      | Killed an elephant
  9224 | D:8      | Reached skill level 13 in Air Magic
  9224 | D:8      | Reached XP level 11. HP: 31/61 MP: 5/21
  9519 | D:9      | Noticed a two-headed ogre
  9523 | D:9      | Killed a two-headed ogre
  9622 | D:9      | Reached *** piety under Hepliaklqana
  9637 | D:9      | Killed Harold
  9652 | D:9      | Found a white marble altar of Elyvilon.
  9653 | D:9      | Found a broken altar of Ashenzari.
 10166 | D:9      | Found an ornate altar of the Wu Jian Council.
 10415 | D:9      | Noticed a moth of wrath
 10416 | D:9      | Found a bloodstained altar of Trog.
 10416 | D:9      | Noticed a two-headed ogre
 10416 | D:9      | Noticed a two-headed ogre
 10416 | D:9      | Noticed WaxSun's ghost (novice DjCj)
 10416 | D:9      | Noticed a two-headed ogre
 10421 | D:9      | Noticed a deep troll
 10429 | D:9      | Found a transporter.
 10448 | D:9      | Found a transporter.
 10573 | D:9      | Identified a scroll of acquirement
 10575 | D:10     | Entered Level 10 of the Dungeon
 10624 | D:10     | Noticed a two-headed ogre
 10778 | D:9      | Acquired a +0 quick blade of distortion
 10784 | D:10     | Killed a two-headed ogre
 10785 | D:10     | Reached skill level 14 in Air Magic
 11123 | D:10     | Found a portal to a secret trove of treasure.
 11156 | D:10     | Reached **** piety under Hepliaklqana
 11295 | D:10     | Found a large runed translucent door.
 11295 | D:10     | Found a large runed translucent door.
 11780 | D:11     | Noticed Nergalle
 11846 | D:11     | Noticed Psyche
 11846 | D:11     | Noticed a two-headed ogre
 11851 | D:10     | HP: 2/64 [wraith (2)]
 11852 | D:10     | Slain by a wraith

Illustrated notes

Levels and vault maps discovered:
D:1:      saegor_arrival_simple_b, layout_loops_cross, minivault_25
D:2:      minmay_skewed_foursquare, layout_rooms,
          nicolae_kite_square_tiling_tiny, guppyfry_early_orc_mine
D:3:      kennysheep_the_goblin_king, layout_basic, okawaru_gym_becter,
          hellmonk_ghost_happy_afterlife, serial_shops, shop, shop, shop,
          minmay_misc_feat_rugged, lightli_corner_chamber
D:4:      layout_basic, minmay_manual_mandibuliform
D:5:      cheibrodos_two_vegetables, layout_gridville, dancing_weapons_uskayaw,
          lightli_temple_of_fire, minmay_temple_entry_statues_fountains,
          serial_shops, shop, amethyst_killhole, uniq_prince_ribbit1,
          uniq_blork_the_orc
D:6:      layout_gridville, serial_shops, nicolae_shop_trees
D:7:      layout_gridville, lightli_church_of_beogh, uniq_joseph, uniq_menkaure
D:8:      layout_cave_pools, kennysheep_mini_moat, grunt_qazlal_sundering,
          mainiacjoe_overflow_paths
D:9:      layout_cave_pools, lemuel_doored_altar,
          chequers_temple_overflow_statue_of_worship, david_lair_generic,
          gammafunk_ghost_wrathful_warriors, uniq_harold
D:10:     layout_cave_pools, jmf_multi_god_temple2,
          nicolae_trove_entry_free_sample
D:11:     layout_big_octagon, gammafunk_ghost_smash, hangedman_minor_magic,
          uniq_nergalle, uniq_psyche, uniq_fannar
Temple:   bh_familiar_temple

Skill      XL: |  1  2  3  4  5  6  7  8  9 10 11 |
---------------+----------------------------------+-----
Conjurations   | 2 3 4 5 6 |  6.0
Spellcasting   | 3 4 5 6 |  6.7
Air Magic      | 5 6 8 9 11 13 14 | 14.5
Fighting       | 2 4 6 8 9 |  9.8
Short Blades   | 4 7 8 |  8.7
Dodging        | |  2.1
Stealth        | |  2.0

Action                     |  1- 3 |  4- 6 |  7- 9 | 10-12 || total
---------------------------+-------+-------+-------+-------++-------
  Melee: Unarmed           |     9 |       |       |       ||     9
         Peck              |     2 |       |     7 |    24 ||    33
         Kick              |     1 |       |    12 |    30 ||    43
         Dagger            |     2 |       |    25 |    88 ||   115
         Punch             |       |       |       |     3 ||     3
   Cast: Shock             |    75 |    52 |    82 |     1 ||   210
         Static Discharge  |     1 |     7 |    24 |    25 ||    57
         Airstrike         |       |     1 |    51 |    82 ||   134
         Swiftness         |       |       |       |     1 ||     1
 Invoke: Recall Ancestor   |       |       |     2 |     4 ||     6
         Ancestor Life: He |       |       |     1 |       ||     1
         Ancestor Identity |       |       |     1 |       ||     1
  Evoke: Wand              |       |     3 |     1 |     4 ||     8
    Use: Scroll            |     9 |       |       |    14 ||    23
         Potion            |       |       |     1 |     3 ||     4
   Stab: Sleeping          |     1 |       |       |       ||     1
         Confused          |       |       |       |     3 ||     3
 Armour: Robe              |     3 |       |     7 |    41 ||    51
  Dodge: Dodged            |     8 |     3 |    42 |    73 ||   126
